1855 views
Uploaded 2022-10-26 01:06:46
Game version 1.33
17:05 long 1on1 custom game on (2)EchoIsles
Game name "mike"
Saved by Cabeelibob
1855 views
Uploaded 2022-10-26 01:06:46
Game version 1.33
17:05 long 1on1 custom game on (2)EchoIsles
Game name "mike"

36 units @ 4.2k
/ 0.7k
14 buildings @ 2.5k
/ 1k


| Scroll of Town Portal | 1 | 350 |
| Boots of Speed | 1 | 250 |
| total: | 2 | 600g |
| Wisp | 19 | 1140 | / | 0 |
| Archer | 9 | 1170 | / | 90 |
| Dryad | 2 | 290 | / | 120 |
| Druid of the Claw | 5 | 1275 | / | 400 |
| Mountain Giant | 1 | 350 | / | 100 |
| total: | 36 | 4225g | / | 710w |
| Altar of Elders | 1 | 180 | / | 50 |
| Moon Well | 6 | 1080 | / | 240 |
| Ancient of War | 2 | 300 | / | 120 |
| Hunter's Hall | 1 | 210 | / | 100 |
| Ancient of Wonders | 1 | 90 | / | 30 |
| Tree of Life | 1 | 340 | / | 185 |
| Ancient of Lore | 2 | 310 | / | 290 |
| Tree of Ages | 1 | 320 | / | 180 |
| Tree of Eternity | 1 | 330 | / | 200 |
| total: | 14 | 2510g | / | 1015w |
| 0:04 | Altar of Elders |
| 0:04 | Wisp |
| 0:17 | Wisp |
| 0:21 | Moon Well |
| 0:35 | Wisp |
| 0:48 | Wisp |
| 1:02 | Wisp |
| 1:18 | Wisp |
| 1:43 | Ancient of War |
| 1:49 | Hunter's Hall |
| 1:49 | Wisp |
| 2:02 | Moon Well |
| 2:06 | Wisp |
| 2:11 | Mana Burn |
| 2:22 | Wisp |
| 2:29 | Ancient of War |
| 3:03 | Archer |
| 3:06 | Moon Well |
| 3:10 | Wisp |
| 3:11 | Wisp |
| 3:33 | Archer |
| 3:33 | Archer |
| 3:55 | Archer |
| 4:03 | Strength of the Moon |
| 4:19 | Archer |
| 4:44 | Tree of Ages |
| 5:04 | Evasion |
| 5:17 | Moon Armor |
| 5:21 | Moon Well |
| 5:28 | Archer |
| 6:24 | Ultravision |
| 6:46 | Ancient of Wonders |
| 7:15 | Improved Strength of the Moon |
| 7:17 | Ancient of Lore |
| 7:20 | Ancient of Lore |
| 7:21 | Wisp |
| 7:21 | Wisp |
| 7:27 | Mana Burn |
| 7:52 | Improved Bows |
| 7:54 | Tree of Eternity |
| 8:04 | Moon Well |
| 8:16 | Archer |
| 8:18 | Archer |
| 8:55 | Abolish Magic |
| 8:56 | Druid of the Claw Adept Training |
| 9:04 | Reinforced Hides |
| 9:21 | Evasion |
| 9:28 | Boots of Speed |
| 9:40 | Trueshot Aura |
| 9:44 | Dryad |
| 10:22 | Druid of the Claw Master Training |
| 10:24 | Strength of the Wild |
| 10:27 | Druid of the Claw |
| 10:54 | Tree of Life |
| 11:30 | Searing Arrows |
| 12:06 | Mark of the Claw |
| 12:07 | Druid of the Claw |
| 12:09 | Marksmanship |
| 12:09 | Archer |
| 12:29 | Druid of the Claw |
| 12:55 | Druid of the Claw |
| 13:03 | Evasion |
| 13:15 | Wisp |
| 13:16 | Wisp |
| 13:16 | Wisp |
| 13:32 | Improved Strength of the Wild |
| 14:23 | Wisp |
| 14:24 | Wisp |
| 14:31 | Mountain Giant |
| 14:41 | Wisp |
| 14:51 | Hardened Skin |
| 14:59 | Moon Well |
| 15:06 | Scroll of Town Portal |
| 15:39 | Druid of the Claw |
| 15:40 | Dryad |
| 16:48 | Trueshot Aura |
| Right click | 573 |
| Select | 251 |
| Select group | 123 |
| Misc. action | 113 |
| Build/train/purchase | 78 |
| Assign group | 23 |
| Use ability | 17 |
| Chat | 10 |
41 units @ 5.4k
/ 0.6k
21 buildings @ 2.6k
/ 1.3k


| Scroll of Regeneration | 3 | 300 |
| total: | 3 | 300g |
| Peasant | 19 | 1425 | / | 0 |
| Footman | 4 | 540 | / | 0 |
| Rifleman | 9 | 1845 | / | 270 |
| Spell Breaker | 4 | 860 | / | 120 |
| Flying Machine | 1 | 100 | / | 30 |
| Sorceress | 3 | 465 | / | 60 |
| Mortar Team | 1 | 180 | / | 70 |
| total: | 41 | 5415g | / | 550w |
| Scout Tower | 1 | 30 | / | 20 |
| Arcane Tower | 1 | 70 | / | 50 |
| Altar of Kings | 1 | 180 | / | 50 |
| Barracks | 1 | 160 | / | 60 |
| Farm | 9 | 720 | / | 180 |
| Blacksmith | 1 | 140 | / | 60 |
| Arcane Vault | 1 | 130 | / | 30 |
| Lumber Mill | 1 | 120 | / | 0 |
| Town Hall | 1 | 385 | / | 205 |
| Arcane Sanctum | 2 | 300 | / | 280 |
| Workshop | 3 | 420 | / | 420 |
| Keep | 1 | 320 | / | 210 |
| Castle | 1 | 360 | / | 210 |
| total: | 21 | 2585g | / | 1305w |
| 0:02 | Peasant |
| 0:06 | Peasant |
| 0:16 | Altar of Kings |
| 0:18 | Barracks |
| 0:20 | Peasant |
| 0:23 | Peasant |
| 0:33 | Farm |
| 0:39 | Peasant |
| 0:48 | Peasant |
| 1:00 | Farm |
| 1:26 | Footman |
| 1:44 | Blacksmith |
| 1:51 | Farm |
| 1:57 | Peasant |
| 2:21 | Summon Water Elemental |
| 2:33 | Footman |
| 3:01 | Rifleman |
| 3:08 | Scout Tower |
| 3:15 | Keep |
| 3:26 | Arcane Tower |
| 4:00 | Rifleman |
| 4:01 | Black Gunpowder |
| 4:06 | Brilliance Aura |
| 4:45 | Arcane Vault |
| 5:04 | Rifleman |
| 5:05 | Studded Leather Armor |
| 5:13 | Farm |
| 5:54 | Defend |
| 5:55 | Footman |
| 5:55 | Footman |
| 6:00 | Peasant |
| 6:00 | Peasant |
| 6:08 | Scroll of Regeneration |
| 6:26 | Lumber Mill |
| 7:13 | Holy Light |
| 7:18 | Arcane Sanctum |
| 7:31 | Rifleman |
| 7:46 | Reinforced Leather Armor |
| 7:50 | Summon Water Elemental |
| 7:57 | Workshop |
| 8:01 | Farm |
| 8:18 | Farm |
| 8:23 | Scroll of Regeneration |
| 8:40 | Spell Breaker |
| 8:41 | Iron Plating |
| 9:07 | Flying Machine |
| 9:17 | Spell Breaker |
| 9:20 | Devotion Aura |
| 9:25 | Rifleman |
| 10:15 | Town Hall |
| 10:24 | Farm |
| 10:26 | Farm |
| 12:00 | Brilliance Aura |
| 12:02 | Holy Light |
| 12:05 | Rifleman |
| 12:07 | Spell Breaker |
| 12:10 | Arcane Sanctum |
| 12:14 | Workshop |
| 12:15 | Workshop |
| 12:18 | Peasant |
| 12:19 | Peasant |
| 12:19 | Peasant |
| 12:33 | Farm |
| 12:39 | Refined Gunpowder |
| 12:50 | Spell Breaker |
| 12:53 | Rifleman |
| 12:55 | Long Rifles |
| 13:05 | Peasant |
| 13:05 | Peasant |
| 13:05 | Peasant |
| 13:08 | Peasant |
| 13:08 | Peasant |
| 13:08 | Peasant |
| 14:19 | Castle |
| 14:21 | Rifleman |
| 14:22 | Sorceress |
| 14:24 | Sorceress |
| 14:52 | Rifleman |
| 15:10 | Steel Plating |
| 15:17 | Mortar Team |
| 15:23 | Sorceress |
| 15:32 | Scroll of Regeneration |
| 15:39 | Peasant |
| Right click | 612 |
| Select | 318 |
| Select group | 245 |
| Misc. action | 102 |
| Build/train/purchase | 89 |
| Assign group | 48 |
| Use ability | 12 |
| Chat | 5 |
| Remove unit | 1 |
| Esc | 1 |